 Dungeon Crawl Stone Soup version 0.26-a0-708-g17f3b190f9 (webtiles) character file.

Game seed: 17101587911432087680

10 karrick the Chopper (level 2, 22/22 HPs)
             Began as a Demonspawn Gladiator on Oct 28, 2020.
             Quit the game on level 1 of the Dungeon.
             The game lasted 00:00:34 (665 turns).

karrick the Chopper (Demonspawn Gladiator)           Turns: 665, Time: 00:00:36

Health: 22/22      AC:  3    Str: 14    XL:     2   Next: 10%
Magic:  2/2        EV: 12    Int:  9    God:
Gold:   30         SH:  0    Dex: 14    Spells: 1/1 levels left

rFire    . . .     SeeInvis .   a - +0 war axe
rCold    . . .     Faith    .   (no shield)
rNeg     . . .     Spirit   .   b - +0 leather armour
rPois    .         Reflect  .   (helmet restricted)
rElec    .         Harm     .   (no cloak)
rCorr    .         Rampage  .   (no gloves)
MR       .....                  (no boots)
Stlth    +.........             (no amulet)
HPRegen  0.07/turn              (no ring)
MPRegen  0.08/turn              (no ring)

@: no status effects
A: antennae 1
a: no special abilities


You were on level 1 of the Dungeon.
You visited 1 branch of the dungeon, and saw 1 of its levels.

You collected 30 gold pieces.

Inventory:

Hand Weapons
 a - a +0 war axe (weapon)
Missiles
 d - 3 throwing nets (quivered)
Armour
 b - a +0 leather armour (worn)
 c - a +0 helmet
Scrolls
 e - a scroll of fear {unknown}
 f - a scroll of noise {unknown}
 g - a scroll of blinking {unknown}
 h - 3 scrolls of identify {unknown}
Potions
 i - a potion of haste {unknown}


   Skills:
 + Level 2.0 Fighting
 + Level 3.0 Axes
 + Level 1.9 Throwing
 + Level 2.8 Dodging


You had one spell level left.
You didn't know any spells.
Your spell library was empty.

Dungeon Overview and Level Annotations

Branches:
Dungeon (1/15)

Altars:


Innate Abilities, Weirdness & Mutations

You have a pair of small antennae on your head.


Message History

You barely miss the rat. The rat bites you. The rat barely misses you.
You hit the rat but do no damage. The rat bites you but does no damage.
You barely miss the rat. The rat closely misses you.
Your leather armour prevents you from hitting the rat.
The rat bites you but does no damage. The rat barely misses you.
You hit the rat.
You kill the rat!
No target in view!
No target in view!
Found a stone staircase leading down.
You now have 30 gold pieces (gained 1).
h - 3 scrolls labeled ILENUON BOCWA (gained 1)
i - a purple potion You open the door.
There is an open door here.
You see here a hand axe.
You open the door.
There is an open door here.
A rat comes into view.
Found a stone staircase leading down.
Are you sure you want to abandon this character and quit the game? (Confirm with "yes".)

### ###
####.#############.#
#..................#
####.##.##########.#
#.....# #.# #....##
#.# #.#### #.# #@#
####'## #.# #......
#.# #...... #.#
#...... #.# #.
#...... #.# #...
##+#... #r. +...
#.#.^# .>. #[..
#.#..#
###...###.#...


You could see a rat.

Vanquished Creatures
  A ball python (D:1)
  2 goblins (D:1)
  A frilled lizard (D:1)
  2 kobolds (D:1)
  6 rats (D:1)
12 creatures vanquished.

Notes
Turn   | Place    | Note
-------+----------+-------------------------------------------
     0 | D:1      | karrick the Demonspawn Gladiator began the quest for the
                  | Orb.
     0 | D:1      | Reached XP level 1. HP: 16/16 MP: 1/1
   168 | D:1      | Reached skill level 3 in Axes
   355 | D:1      | Gained mutation: You have a pair of small antennae on your
                  | head. [demonic ancestry]
   355 | D:1      | Reached XP level 2. HP: 18/22 MP: 2/2
   665 | D:1      | Quit the game

Illustrated notes

Levels and vault maps discovered:
D:1:      scummos_arrival_simple_crosswalls, layout_basic

Skill      XL: |  1 |
---------------+----+-----
Axes           | 3 |  3.0
Fighting       | |  2.0
Throwing       | |  1.9
Dodging        | |  2.8

Action                   || total
-------------------------++-------
Melee: War axe           ||    30
Armor: Leather armour    ||     9
Dodge: Dodged            ||    16

Table legend: (Time is in decaauts)
 A = Elapsed time spent in this place.
 B = Non-inter-level travel time spent in this place.
 C = Inter-level travel time spent in this place.
 D = Time resting spent in this place.
 E = Time spent auto-exploring this place.
 F = Levels seen in this place.
 G = Mean time per level.
                   A        B        C        D        E       F      G
               +--------+--------+--------+--------+--------+-----+--------+
         Total |    675 |    675 |      0 |      0 |    586 |   1 |  675.0 |
       Dungeon |    675 |    675 |      0 |      0 |    586 |   1 |  675.0 |
               +--------+--------+--------+--------+--------+-----+--------+

Top non-repeatable levels by time:
     D:1: 675 daAuts
